 Dungeon Crawl Stone Soup version 0.22-a0-480-g991dd4b (webtiles) character file.

2312 CougarLife the Cleaver (level 9, 0/86 HPs)
             Began as a Hill Orc Fighter on June 16, 2018.
             Slain by a hog (11 damage)
             ... on level 7 of the Dungeon.
             The game lasted 00:06:51 (5946 turns).

CougarLife the Cleaver (Hill Orc Fighter)           Turns: 5946, Time: 00:06:52

Health: 0/86       AC:  6    Str: 22    XL:     9   Next: 41%
Magic:  9/9        EV:  7    Int:  8    God:
Gold:   254        SH:  9    Dex: 10    Spells: 8/8 levels left

rFire    . . .     SeeInvis .   a - +2 war axe
rCold    . . .     Gourm    .   c - +0 shield
rNeg     . . .     Faith    .   b - +0 scale mail
rPois    .         Spirit   .   (no helmet)
rElec    .         Reflect  .   (no cloak)
rCorr    .         Harm     .   (no gloves)
MR       .....                  (no boots)
Stlth    ..........             (no amulet)
HPRegen  0.24/turn              (no ring)
MPRegen  0.11/turn              (no ring)

@: no status effects
A: no striking features
a: no special abilities


You were on level 7 of the Dungeon.
You were not hungry.

You visited 1 branch of the dungeon, and saw 7 of its levels.

You collected 254 gold pieces.

Inventory:

Hand Weapons
 a - a +2 war axe (weapon)
 x - the +9 quarterstaff "Orghotill" {pain, Int+7}
   (You found it on level 7 of the Dungeon)

   In the hands of one skilled in necromantic magic, it inflicts extra damage on
   living creatures.
   It affects your intelligence (+7).
Armour
 b - a +0 scale mail (worn)
 c - a +0 shield (worn)
Wands
 l - a wand of acid (6)
 w - a wand of random effects (25)
Scrolls
 e - 2 scrolls of enchant weapon
 g - 2 scrolls of identify
 h - a scroll of fear {unknown}
 i - 3 scrolls of remove curse
 j - 4 scrolls of teleportation
 m - a scroll of amnesia {unknown}
 o - a scroll of immolation {unknown}
 p - a scroll of random uselessness {unknown}
 t - a scroll of fog {unknown}
Potions
 d - 4 potions of agility
 k - 3 potions of berserk rage {unknown}
 n - 2 potions of curing {unknown}
 q - 3 potions of lignification {unknown}
 r - a potion of mutation {unknown}
 s - a potion of heal wounds {unknown}
 u - a potion of degeneration {unknown}
 v - 2 potions of haste {unknown}
Comestibles
 f - 13 rations


   Skills:
 + Level 10.9 Fighting
 + Level 11.4 Axes
 - Level 3.2 Armour
 - Level 3.2 Shields


You had 8 spell levels left.
You didn't know any spells.
Your spell library was empty.

Dungeon Overview and Level Annotations

Branches:
Dungeon (7/15)             Temple (0/1) D:6

Altars:
Ashenzari
Cheibriados
Trog
Yredelemnul
The Shining One


Message History

The human hits you but does no damage. The hog bites you but does no damage.
You slice the human!!
You kill the human!
You closely miss the hog. The hog barely misses you.
You slash the hog!
The hog is moderately wounded.
Your shield and scale mail prevent you from hitting the hog.
The hog bites you.
* * * LOW HITPOINT WARNING * * *
You block the hog's attack.
You hit the hog.
The hog is heavily wounded.
You closely miss the hog. You block the hog's attack. The hog bites you.
* * * LOW HITPOINT WARNING * * *
The hog bites you but does no damage.
You hit the hog.
The hog is heavily wounded.
You barely miss the hog. The hog closely misses you.
You block the hog's attack. The hog bites you!
You die...

.......#
#)..#
....(..#
#..#######
.......#
#).#%%#..#
.......#
#..#%.#..#
......##
##.#..'..#
.....##
#.#..#..
######
#.#..#
#.#h##
#.h@.#
#...##
#####


You could see 2 hogs.

Vanquished Creatures
  Sigmund (D:6)
  A yak (D:7)
  A hog (D:7)
  A human (D:7)
  A water moccasin (D:7)
  An orc warrior (D:3)
  A phantom (D:6)
  3 ogres
  A centaur (D:7)
  A big kobold (D:7)
  2 scorpions
  2 howler monkeys
  The ghost of dang3rdave the Skirmisher, a weakling GrWr (D:3)
  3 crimson imps
  A gnoll shaman (D:5)
  A bullfrog zombie (D:4)
  2 orc priests (D:7)
  2 centaur skeletons
  An iguana (D:4)
  3 orc wizards
  7 worker ants
  A killer bee zombie (D:7)
  A howler monkey zombie (D:5)
  7 gnolls (D:5)
  5 adders
  2 shadow imps (D:5)
  2 oozes
  An adder zombie (D:6)
  An adder skeleton (D:5)
  A worm (D:6)
  2 dart slugs (D:3)
  8 leopard geckos
  12 orcs
  A ball python (D:3)
  7 bats
  8 giant cockroaches
  4 goblins
  13 hobgoblins
  6 jackals
  6 quokkas
  A frilled lizard (D:3)
  A giant cockroach zombie (D:6)
  9 kobolds
  A leopard gecko zombie (D:5)
  11 rats
148 creatures vanquished.

Notes
Turn   | Place    | Note
-------+----------+-------------------------------------------
     0 | D:1      | CougarLife the Hill Orc Fighter began the quest for the Orb.
     0 | D:1      | Reached XP level 1. HP: 19/19 MP: 1/1
    66 | D:1      | Reached skill level 3 in Axes
    71 | D:1      | Reached XP level 2. HP: 26/27 MP: 2/2
   520 | D:2      | Reached XP level 3. HP: 31/34 MP: 3/3
   539 | D:2      | Reached skill level 4 in Axes
   904 | D:2      | Reached XP level 4. HP: 37/41 MP: 4/4
  1249 | D:3      | Reached skill level 5 in Fighting
  1360 | D:3      | Reached skill level 5 in Axes
  1365 | D:3      | Reached XP level 5. HP: 39/48 MP: 5/5
  1372 | D:3      | Noticed dang3rdave's ghost (weakling GrWr)
  1380 | D:3      | Killed dang3rdave's ghost
  1546 | D:3      | Noticed an orc warrior
  1559 | D:3      | Killed an orc warrior
  1559 | D:3      | Reached skill level 6 in Axes
  1559 | D:3      | Reached XP level 6. HP: 16/57 MP: 6/6
  2863 | D:4      | Found the +4 arc blade {discharge, rElec}
  2943 | D:4      | Reached skill level 7 in Axes
  2943 | D:4      | Reached XP level 7. HP: 65/66 MP: 7/7
  3207 | D:4      | Found a basalt altar of Yredelemnul.
  3696 | D:5      | Entered Level 5 of the Dungeon
  3830 | D:5      | Found a bloodstained altar of Trog.
  4208 | D:5      | Reached skill level 8 in Axes
  4487 | D:5      | Reached XP level 8. HP: 72/74 MP: 8/8
  4555 | D:5      | Found a glowing golden altar of the Shining One.
  4555 | D:5      | Found a snail-covered altar of Cheibriados.
  4864 | D:6      | Reached skill level 9 in Axes
  4991 | D:6      | Found a shattered altar of Ashenzari.
  5027 | D:6      | Noticed Sigmund
  5047 | D:6      | Killed Sigmund
  5418 | D:6      | Found a staircase to the Ecumenical Temple.
  5571 | D:6      | Reached skill level 10 in Axes
  5693 | D:7      | Reached skill level 10 in Fighting
  5718 | D:7      | Reached XP level 9. HP: 38/85 MP: 9/9
  5868 | D:7      | Got a crude quarterstaff
  5869 | D:7      | Identified the +9 quarterstaff "Orghotill" {pain, Int+7} (You found it on level 7 of the Dungeon)
  5913 | D:7      | Reached skill level 11 in Axes
  5946 | D:7      | Slain by a hog

Vault maps used:
D:1:      lightli_arrival_flooded_house, minmay_misc_feat_room
D:2:      minmay_misc_feat_square
D:3:      serial_forest, infiniplex_forest_lined_3_way,
          infiniplex_forest_clump_curved, infiniplex_forest_corner_1,
          infiniplex_forest_zigzag_2, infiniplex_forest_zigzag_1,
          infiniplex_forest_clump_small, infiniplex_forest_zigzag_1,
          infiniplex_forest_lined_room_3, feat_on_display
D:4:      lemuel_round_altar, first_ration
D:5:      gammafunk_temple_overflow_elements, trog_three_pillars_becter
D:6:      evilmike_ruin_ashenzari, temple_green, uniq_sigmund
D:7:      minmay_klotski, skrybe_limestone_x, grunt_livestock

Skill      XL: |  1  2  3  4  5  6  7  8  9 |
---------------+----------------------------+-----
Axes           | 3 4 5 6 7 8 10 11 | 11.4
Fighting       | 4 5 6 7 8 10 | 10.9
Armour         | |  3.2
Shields        | |  3.2

Action                   |  1- 3 |  4- 6 |  7- 9 || total
-------------------------+-------+-------+-------++-------
Melee: War axe           |    82 |   202 |   295 ||   579
  Use: Potion            |       |     1 |       ||     1
       Scroll            |       |       |     6 ||     6
  Eat: Chunk             |       |     7 |    10 ||    17
Armor: Scale mail        |    37 |    79 |    87 ||   203
Dodge: Dodged            |    36 |    59 |    74 ||   169
Block: Shield            |    51 |    91 |   123 ||   265

Table legend:
 A = Spawn XP
 B = Non-spawn XP
 C = Spawn XP percentage of total XP
 D = Spawn monster count
 E = Non-spawn monster count
 F = Spawn count percentage of total count
 G = Total turns spent on level
                    A         B        C        D         E        F      G
               +---------+---------+-------+---------+---------+-------+---------
         Total |       0 |    3304 |   0.0 |       0 |     148 |   0.0 |  5946
               +---------+---------+-------+---------+---------+-------+---------
           D:1 |       0 |      24 |   0.0 |       0 |      14 |   0.0 |   495
           D:2 |       0 |      71 |   0.0 |       0 |      20 |   0.0 |   702
           D:3 |       0 |     344 |   0.0 |       0 |      35 |   0.0 |  1196
           D:4 |       0 |     386 |   0.0 |       0 |      11 |   0.0 |  1303
           D:5 |       0 |     511 |   0.0 |       0 |      27 |   0.0 |  1105
           D:6 |       0 |     691 |   0.0 |       0 |      23 |   0.0 |   829
           D:7 |       0 |    1277 |   0.0 |       0 |      18 |   0.0 |   316
               +---------+---------+-------+---------+---------+-------+---------
